 Dungeon Crawl Stone Soup version 0.30.1-9-gdf580d7c3d (webtiles) character file.

Game seed: 4097377995624284989

238 pkoi the Stinger (level 5, -5/38 HPs)
             Began as a Draconian Venom Mage on Oct 9, 2023.
             Blown up by Ijyb (14 damage)
             ... with a mindburst bolt
             ... on level 3 of the Dungeon.
             The game lasted 00:03:36 (2378 turns).

pkoi the Stinger (Draconian Venom Mage)             Turns: 2378, Time: 00:03:36

Health: -5/38      AC:  7    Str: 10    XL:     5   Next: 78%
Magic:  3/9        EV: 12    Int: 17    God:
Gold:   114        SH:  0    Dex: 12    Spells: 7/10 levels left

rFire   . . .        i - +1 whip (elec)
rCold   + . .        (no shield)
rNeg    . . .        (body armour unavailable)
rPois   .            (helmet restricted)
rElec   .            k - +0 cloak
rCorr   .            e - +0 pair of gloves
SInv    .            (no boots)
Will    .....        (no amulet)
Stlth   ++           j - ring of protection from cold
HPRegen 0.26/turn    (no ring)
MPRegen 0.11/turn

%: no passive effects
@: no status effects
A: AC +5, unfitting armour, cold-blooded
a: no special abilities


You were on level 3 of the Dungeon.
You visited 1 branch of the dungeon, and saw 3 of its levels.

You collected 114 gold pieces.

Inventory:

Hand Weapons
 i - a +1 whip of electrocution (weapon)
Missiles
 h - 5 curare-tipped darts
Armour
 e - a +0 pair of gloves (worn)
 k - a +0 cloak (worn)
Jewellery
 j - a ring of protection from cold (left hand)
Wands
 c - a wand of quicksilver (8)
Scrolls
 d - 4 scrolls of teleportation
 l - a scroll of enchant weapon {unknown}
Potions
 a - a potion of magic
 b - a potion of heal wounds {unknown}
 f - a potion of attraction
 g - a potion of flight {unknown}
 m - a potion of curing
 n - a potion of haste


   Skills:
 - Level 1.7 Dodging
 - Level 1.7 Stealth
 + Level 2.5 Unarmed Combat
 - Level 3.0 Spellcasting
 + Level 3.0 Transmutations
 + Level 0.0 Air Magic
 + Level 4.3 Poison Magic


You had 7 spell levels left.
You knew the following spells:

 Your Spells              Type           Power      Damage    Failure   Level
a - Sting                 Tmut/Pois      60%        1d6       3%          1
b - Poisonous Vapours     Pois/Air       20%        N/A       11%         2

Your spell library contained the following spells:

 Spells                   Type           Power      Damage    Failure   Level
 Passwall                 Tmut/Erth      5%         N/A       14%         2
 Ensorcelled Hibernation  Hex/Ice        4%         N/A       26%         2
 Mephitic Cloud           Conj/Pois/Air  7%         N/A       28%         3
 Olgreb's Toxic Radiance  Pois           17%        N/A       28%         4
 Call Canine Familiar     Summ           2%         N/A       45%         3
 Frozen Ramparts          Ice            4%         1d1       45%         3
 Portal Projectile        Hex/Tloc       4%         N/A       45%         3
 Swiftness                Air            2%         N/A       45%         3
 Ice Form                 Ice/Tmut       7%         N/A       67%         4
 Leda's Liquefaction      Hex/Erth       1%         N/A       86%         4
 Summon Ice Beast         Ice/Summ       2%         N/A       86%         4


Dungeon Overview and Level Annotations

Branches:
Dungeon (3/15)

Altars:

Annotations:
D:3 1 transporter, Ijyb


Innate Abilities, Weirdness & Mutations

Your plain brown scales are hard. (AC +5)
You cannot fit into any form of body armour.
You are cold-blooded and may be slowed by cold attacks.


Message History

Found a leather armour.
There is an open door here.
Found 6 stones.
n - a potion of haste A quokka comes into view.
The sting hits the quokka but does no damage.
The quokka is poisoned.
The quokka bites you.
The sting hits the quokka.
The quokka looks even sicker.
You kill the quokka!
You can't see any susceptible monsters within range! (Use Z to cast anyway.)
You can't see any susceptible monsters within range! (Use Z to cast anyway.)
You can't see any susceptible monsters within range! (Use Z to cast anyway.)
You can't see any susceptible monsters within range! (Use Z to cast anyway.) HP restored.
You see here a quokka corpse.
Ijyb is nearby!
Ijyb is nearby!
Ijyb is nearby!
The sting hits Ijyb.
Ijyb is poisoned.
Ijyb is lightly wounded.
Ijyb shouts!
The sting hits Ijyb but does no damage.
Ijyb looks even sicker.
Ijyb is lightly wounded.
Ijyb hits you with a +0 club.
The sting misses Ijyb.
Ijyb hits you with a +0 club.
The sting hits Ijyb but does no damage.
Ijyb looks even sicker.
Ijyb is lightly wounded.
Ijyb zaps a wand.
Your mind is blasted!
The sting hits Ijyb.
Ijyb looks as sick as possible!
Ijyb is moderately wounded.
Ijyb zaps a wand.
Your mind is blasted!
The sting hits Ijyb.
Ijyb looks as sick as possible!
Ijyb is severely wounded.
Ijyb zaps a wand.
Your mind is blasted!
* * * LOW HITPOINT WARNING * * *
Unknown command.
You barely miss Ijyb. You tail-slap Ijyb, but do no damage.
Ijyb is almost dead.
Ijyb zaps a wand.
Your mind is blasted!
You die...

#.###############.#.#.###...[
#.####### #.#...†......
#.......## ######.#..........
########..###......#..........
##.#....#.......#####..........
###..#.##.#......(.# #......##+#
#>...#.##.#....#####.##......##.#
###..#.##.####.#.g...##...(..##.#
#....##.# #.#@# #......##.#
###....##.## #.#.# #..######..
.)'........# #.#.######.......#.#
###.....##.###.#.....#..#####.#.#
#.....##.##..#####.#........#.#
#.....##.##.## #.#...######.#
#.....#####.######.#....# #....
#.......................# #....
#...#########...........# #..#.


You could see Ijyb (extremely poisoned).

Vanquished Creatures
  Sigmund (D:2)
  An orc wizard (D:3)
  An adder (D:3)
  2 worms (D:2)
  2 dart slugs
  2 orcs (D:3)
  A ball python (D:1)
  3 endoplasms
  A giant cockroach (D:3)
  A goblin (D:2)
  3 hobgoblins (D:1)
  2 kobolds
  2 quokkas
  4 bats
  3 frilled lizards
  4 rats
33 creatures vanquished.

Notes
Turn   | Place    | Note
-------+----------+-------------------------------------------
     0 | D:1      | pkoi the Draconian Venom Mage began the quest for the Orb.
     0 | D:1      | Reached XP level 1. HP: 14/14 MP: 3/3
     0 | D:1      | Noticed a green draconian
     3 | D:1      | Noticed a tentacled monstrosity
     3 | D:1      | Noticed a tentacled monstrosity
     5 | D:1      | Noticed an orb of fire
     7 | D:1      | Noticed a tentacled monstrosity
     8 | D:1      | Noticed a shadow dragon
    11 | D:1      | Noticed a shadow dragon
    11 | D:1      | Noticed an orb of fire
    13 | D:1      | Noticed a yellow draconian
    13 | D:1      | Noticed a large abomination
    15 | D:1      | Noticed a purple draconian
    15 | D:1      | Noticed a large abomination
    15 | D:1      | Noticed a large abomination
    17 | D:1      | Noticed a red draconian
    17 | D:1      | Noticed an ice dragon
    19 | D:1      | Noticed an iron dragon
    21 | D:1      | Noticed a shadow dragon
   371 | D:1      | Reached XP level 2. HP: 20/20 MP: 1/5
   872 | D:2      | Noticed Sigmund
   881 | D:2      | Killed Sigmund
   882 | D:2      | Reached skill level 4 in Poison Magic
   882 | D:2      | Reached XP level 3. HP: 11/26 MP: 0/7
   882 | D:2      | Reached XP level 4. HP: 14/33 MP: 0/8
   882 | D:2      | Reached XP level 5. HP: 17/38 MP: 0/9
  1188 | D:2      | Identified the +4 whip of Zateonoch {pain, Int+4}
  2102 | D:3      | Noticed Ijyb
  2142 | D:3      | Learned a level 2 spell: Poisonous Vapours
  2301 | D:3      | Found a transporter.
  2378 | D:3      | Blown up by Ijyb

Illustrated notes

Levels and vault maps discovered:
D:1:      shiori_arrival_whats_in_store_for_you, layout_rooms,
          minmay_misc_feat_five, minmay_misc_feat_tiny, minmay_misc_feat_rugged
D:2:      layout_rooms, nrook_mini_backslash, uniq_sigmund
D:3:      gammafunk_steamed_eel, layout_basic, serial_co_window_serial,
          co_window_paths_a, co_window_paths_b, co_window_paths_a,
          co_window_of_opportunity_a, co_window_of_opportunity_a,
          co_window_paths_a, co_window_cross_1, co_window_of_opportunity_c,
          co_window_broadway_b, co_window_of_opportunity_c,
          co_window_of_opportunity_b, co_window_of_opportunity_b,
          co_window_corner_b, co_window_paths_e, glass_columns_b, uniq_ijyb

Skill      XL: |  1  2  3  4  5 |
---------------+----------------+-----
Unarmed Combat | 2 |  2.5
Spellcasting   | 3 |  3.0
Transmutations | 2 3 |  3.0
Poison Magic   | 4 |  4.3
Dodging        | |  1.7
Stealth        | |  1.7

Action                     |  1- 3 |  4- 6 || total
---------------------------+-------+-------++-------
  Melee: Unarmed           |     6 |       ||     6
         Whip              |     3 |     9 ||    12
         Tailslap          |     1 |     4 ||     5
   Cast: Sting             |    30 |    46 ||    76
    Use: Potion            |     4 |       ||     4
         Scroll            |     3 |       ||     3
 Armour: Skin              |     1 |    12 ||    13
  Dodge: Dodged            |     7 |    18 ||    25
